 Dungeon Crawl Stone Soup version 0.26.0-10-g1f06aea511 (webtiles) character file.

Game seed: 14257091857271792210

14674 Amaterasu the Severer (level 11, 0/101 HPs)
             Began as a Minotaur Fighter on Jan 31, 2021.
             Was an Elder of Makhleb.
             Slain by a 13-headed hydra (8 damage)
             ... on level 12 of the Dungeon.
             The game lasted 00:15:15 (12300 turns).

Amaterasu the Severer (Minotaur Fighter)           Turns: 12300, Time: 00:15:16

Health: 0/101      AC: 15    Str: 24    XL:     11   Next: 91%
Magic:  13/13      EV:  7    Int: 15    God:    Makhleb [****..]
Gold:   704        SH: 11    Dex: 10    Spells: 10/10 levels left

rFire    . . .     SeeInvis +   s - +7 broad axe of Salt {vorpal, Int+3}
rCold    + . .     Faith    +   c - +0 kite shield
rNeg     . . .     Spirit   .   m - +0 plate armour
rPois    .         Reflect  .   (helmet restricted)
rElec    .         Harm     .   (no cloak)
rCorr    .         Rampage  .   E - +0 pair of gloves of Aplojef {*Drain rC+ Int+7}
Will     .....                  (no boots)
Stlth    ..........             z - amulet of faith
HPRegen  0.26/turn              l - ring of see invisible
MPRegen  0.13/turn              (no ring)

@: studying Shields
A: retaliatory headbutt, horns 2
a: Renounce Religion, Minor Destruction, Lesser Servant of Makhleb, Major
Destruction


You were on level 12 of the Dungeon.
You worshipped Makhleb.
Makhleb was greatly pleased with you.
You visited 2 branches of the dungeon, and saw 13 of its levels.

You collected 704 gold pieces.

Inventory:

Hand Weapons
 s - the +7 broad axe of Salt (weapon) {vorpal, Int+3}
   (You acquired it on level 6 of the Dungeon)

   It inflicts extra damage upon your enemies.
   It affects your intelligence (+3).
Armour
 c - a +0 kite shield (worn)
 m - a +0 plate armour (worn)
 u - a +1 pair of gloves
 E - the +0 pair of gloves of Aplojef (worn) {*Drain rC+ Int+7}
   (You found it on level 9 of the Dungeon)

   It affects your intelligence (+7).
   It protects you from cold.
   It causes draining when unequipped.
Jewellery
 h - an uncursed ring of stealth
 l - a ring of see invisible (left hand)
 o - a +6 ring of intelligence
 q - an uncursed ring of fire
 z - an amulet of faith (around neck)
 I - an uncursed ring of protection from cold {unknown}
Wands
 b - a wand of paralysis (12)
 t - a wand of iceblast (16)
 y - a wand of disintegration (25)
 A - a wand of enslavement (6)
 G - a wand of polymorph (24)
Scrolls
 e - 7 scrolls of fear
 i - 3 scrolls of immolation
 j - a scroll of random uselessness
 k - 9 scrolls of remove curse
 r - 6 scrolls of teleportation
 w - 2 scrolls of enchant weapon
 x - 5 scrolls of amnesia
 D - 4 scrolls of identify
 H - a scroll of magic mapping
Potions
 d - a potion of might
 f - 5 potions of curing
 g - 7 potions of heal wounds
 n - 2 potions of flight {unknown}
 p - a potion of brilliance {unknown}
 v - 4 potions of resistance {unknown}
 B - 3 potions of cancellation {unknown}
 C - 2 potions of haste {unknown}
 F - a potion of mutation {unknown}
Books
 J - a manual of Shields
Miscellaneous
 a - a tin of tremorstones (2/2)


   Skills:
 * Level 10.6 Fighting
 * Level 15.5 Axes
 - Level 9.0 Armour
 - Level 3.0 Dodging
 - Level 9.0 Shields
 - Level 5.0 Invocations


You had 10 spell levels left.
You didn't know any spells.
Your spell library contained the following spells:

 Spells                   Type           Power        Failure   Level
 Beastly Appendage        Tmut           0%           100%        1
 Wereblood                Tmut           0%           100%        2
 Spider Form              Tmut/Pois      0%           100%        3
 Ice Form                 Ice/Tmut       0%           100%        4
 Blade Hands              Tmut           0%           100%        5


Dungeon Overview and Level Annotations

Branches:
Dungeon (12/15)            Temple (1/1) D:7             Orc (0/2) D:9
   Lair: D:8-11

Altars:
Ashenzari
Cheibriados
Dithmenos
Fedhas
Gozag
Hepliaklqana
Kikubaaqudgha
Makhleb
Nemelex Xobeh
Okawaru
Qazlal
Ru
Uskayaw
Vehumet
Wu Jian
Xom
Zin
The Shining One

Shops:
D:11 :

Annotations:
D:11 2 transporters, exclusion: 3 oklob plants, Kolguev's ghost, journeyman DrVM


Innate Abilities, Weirdness & Mutations

You reflexively headbutt those who attack you in melee.
You have a pair of horns on your head.


Message History

* * * LOW HITPOINT WARNING * * *
The 12-headed hydra barely misses you. The 12-headed hydra bites you.
* * * LOW HITPOINT WARNING * * *
The 12-headed hydra barely misses you.
The 12-headed hydra bites you but does no damage. x2
The 12-headed hydra bites you.
* * * LOW HITPOINT WARNING * * *
The 12-headed hydra barely misses you.
The 12-headed hydra bites you but does no damage.
The 12-headed hydra closely misses you.
You hack one of the 12-headed hydra's heads off!
The 11-headed hydra grows two more!
You slice the 13-headed hydra!!
The 13-headed hydra is almost dead.
You block the 13-headed hydra's attack. x2
The 13-headed hydra barely misses you. The 13-headed hydra bites you.
* * * LOW HITPOINT WARNING * * *
The 13-headed hydra bites you!
* * * LOW HITPOINT WARNING * * *
The 13-headed hydra bites you!
You die...

###### #....#
####### #....#
#<....# #...@###
#.y.y...
#....Dy#
#...$....
#....#.###
#........
##.###...#
#........ #.#
###[####........
#.#
#...†.......>.
#<#
##....#.......
#.# ##...# . #.#
#...#


You could see a 13-headed hydra and a vampire mosquito.

Vanquished Creatures
  Snorg (D:10)
  Erolcha (D:10)
  Fannar (D:10)
  A boulder beetle (D:11)
  Urug (D:10)
  Nergalle (D:11)
  The ghost of StoneSoupSpirit the Cleaver, a novice DsCK of Xom (D:8)
  Pikel (D:9)
  A manticore (D:11)
  A cyclops (D:11)
  2 ugly things (D:11)
  Maurice (D:11)
  Joseph (D:7)
  A gargoyle (D:11)
  A centaur skeleton (D:11)
  A kobold demonologist (D:11)
  Grinder (D:3)
  3 yaks (D:11)
  A wyvern (D:9)
  A vampire (D:11)
  A vampire mosquito (D:12)
  2 swamp worms (D:9)
  7 orc warriors
  4 sky beasts
  2 ice beasts
  A phantom (D:4)
  3 necrophages
  2 black bears
  9 centaurs
  3 ogres
  2 big kobolds
  3 lemures (D:9)
  6 bullfrogs
  A wyvern zombie (D:8)
  A wyvern skeleton (D:11)
  A scorpion (D:8)
  6 killer bees (D:11)
  3 wights (D:10)
  A howler monkey (D:6)
  A centaur zombie (D:4)
  A quasit (D:11)
  A jelly (D:7)
  7 hounds
  7 orc priests
  3 iguanas
  Ijyb (D:5)
  13 orc wizards
  6 worker ants
  2 hound skeletons
  A worker ant zombie (D:6)
  Robin (D:2)
  4 gnolls
  A howler monkey skeleton (D:4)
  10 adders
  2 shadow imps (D:5)
  A white imp (D:5)
  5 ufetubi
  2 oozes
  2 adder zombies (D:9)
  A worm (D:2)
  2 dart slugs (D:1)
  5 leopard geckos
  53 orcs
  2 ball pythons
  6 giant cockroaches
  17 goblins
  7 hobgoblins
  8 jackals
  3 quokkas
  16 bats
  6 frilled lizards
  A jackal skeleton (D:8)
  15 kobolds
  A leopard gecko skeleton (D:4)
  3 rats
298 creatures vanquished.

Vanquished Creatures (others)
  12 plants
  5 withered plants (D:6)
17 creatures vanquished.

Grand Total: 315 creatures vanquished

Notes
Turn   | Place    | Note
-------+----------+-------------------------------------------
     0 | D:1      | Amaterasu the Minotaur Fighter began the quest for the Orb.
     0 | D:1      | Reached XP level 1. HP: 19/19 MP: 0/0
    72 | D:1      | Reached XP level 2. HP: 28/28 MP: 1/1
   307 | D:1      | Reached skill level 3 in Axes
   307 | D:1      | Reached XP level 3. HP: 35/35 MP: 2/2
   766 | D:2      | Reached skill level 5 in Fighting
   770 | D:2      | Reached XP level 4. HP: 32/42 MP: 3/3
   903 | D:2      | Noticed Robin
   916 | D:2      | Reached skill level 4 in Axes
   921 | D:2      | Killed Robin
  1389 | D:2      | Reached XP level 5. HP: 40/48 MP: 4/4
  1690 | D:2      | Found a shimmering altar of Xom.
  2162 | D:3      | Reached skill level 5 in Axes
  2242 | D:3      | Noticed Grinder
  2242 | D:3      | Paralysed by Grinder for 6 turns
  2264 | D:3      | Killed Grinder
  2265 | D:3      | Reached skill level 6 in Axes
  2265 | D:3      | Reached XP level 6. HP: 40/57 MP: 5/5
  2373 | D:3      | Found a snail-covered altar of Cheibriados.
  2940 | D:4      | Found a shadowy altar of Dithmenos.
  2958 | D:4      | Reached skill level 7 in Axes
  2958 | D:4      | Reached skill level 1 in Dodging
  3097 | D:4      | Reached XP level 7. HP: 63/63 MP: 6/6
  3289 | D:5      | Entered Level 5 of the Dungeon
  3289 | D:5      | Noticed Ijyb
  3293 | D:5      | Paralysed by Ijyb for 5 turns
  3305 | D:5      | Killed Ijyb
  3368 | D:5      | Found a glowing silver altar of Zin.
  3445 | D:5      | Reached skill level 8 in Axes
  3593 | D:5      | Reached skill level 5 in Armour
  4200 | D:6      | Found an ancient bone altar of Kikubaaqudgha.
  4389 | D:6      | Reached XP level 8. HP: 70/70 MP: 7/7
  4393 | D:6      | Reached skill level 9 in Axes
  5016 | D:6      | Identified a scroll of acquirement
  5016 | D:6      | Acquired the +7 broad axe of Salt {vorpal, Int+3}
  5298 | D:7      | Found a hazy altar of Hepliaklqana.
  5318 | D:7      | Reached skill level 10 in Axes
  5606 | D:7      | Found a staircase to the Ecumenical Temple.
  5619 | Temple   | Entered the Ecumenical Temple
  5690 | Temple   | Became a worshipper of Makhleb the Destroyer
  5802 | D:7      | Noticed Joseph
  5810 | D:7      | Killed Joseph
  5811 | D:7      | Reached XP level 9. HP: 71/80 MP: 8/8
  5850 | D:7      | Found an ornate altar of the Wu Jian Council.
  6147 | D:7      | Found a broken altar of Ashenzari.
  6198 | D:7      | Reached skill level 5 in Shields
  6579 | D:8      | Reached * piety under Makhleb
  7063 | D:8      | Noticed StoneSoupSpirit's ghost (novice DsCK)
  7065 | D:8      | Found a transporter.
  7091 | D:8      | Reached skill level 1 in Invocations
  7159 | D:8      | Found a radiant altar of Vehumet.
  7211 | D:8      | Found a transporter.
  7791 | D:8      | Reached skill level 11 in Axes
  7791 | D:8      | Killed StoneSoupSpirit's ghost
  7900 | D:9      | Reached skill level 12 in Axes
  7933 | D:9      | Reached ** piety under Makhleb
  8050 | D:9      | Noticed Pikel
  8062 | D:9      | Killed Pikel
  8063 | D:9      | Reached XP level 10. HP: 78/88 MP: 9/11
  8153 | D:9      | Found a staircase to the Orcish Mines.
  8624 | D:9      | Got a pair of bloodstained gloves
  8635 | D:9      | Identified the +0 pair of gloves of Aplojef {*Drain rC+
                  | Int+7} (You found it on level 9 of the Dungeon)
  8658 | D:10     | Entered Level 10 of the Dungeon
  8842 | D:10     | Noticed Snorg
  8850 | D:10     | Killed Snorg
  8851 | D:10     | Reached skill level 13 in Axes
  9212 | D:10     | Noticed Fannar
  9235 | D:10     | Killed Fannar
  9377 | D:10     | Noticed Urug
  9394 | D:10     | Killed Urug
  9647 | D:10     | Reached *** piety under Makhleb
  9788 | D:10     | Noticed Erolcha
  9792 | D:10     | Paralysed by Erolcha for 5 turns
  9801 | D:10     | Killed Erolcha
  9802 | D:10     | Reached XP level 11. HP: 97/97 MP: 11/13
 10685 | D:11     | Noticed Nergalle
 10689 | D:11     | Reached skill level 14 in Axes
 10694 | D:11     | Killed Nergalle
 10700 | D:11     | Noticed a sun demon
 10719 | D:11     | Found Weth's Book Boutique.
 10725 | D:11     | Reached **** piety under Makhleb
 10762 | D:11     | Noticed an oklob plant
 10819 | D:11     | Noticed Maurice
 10870 | D:11     | Killed Maurice
 10871 | D:11     | Reached skill level 10 in Fighting
 11143 | D:11     | Acquired a manual of Shields
 11149 | D:11     | Noticed an oklob plant
 11312 | D:11     | Noticed a boulder beetle
 11322 | D:11     | Killed a boulder beetle
 11323 | D:11     | Reached skill level 5 in Invocations
 11326 | D:11     | Reached skill level 15 in Axes
 11577 | D:11     | Noticed a green ugly thing
 11577 | D:11     | Noticed a red ugly thing
 11585 | D:11     | Killed a green ugly thing
 11588 | D:11     | Killed a green ugly thing
 11827 | D:11     | Noticed an oklob plant
 11979 | D:11     | Found a transporter.
 11980 | D:11     | Noticed Kolguev's ghost (journeyman DrVM)
 11994 | D:11     | Found a transporter.
 12227 | D:12     | Noticed an eight-headed hydra
 12300 | D:12     | Slain by a 13-headed hydra

Illustrated notes

Levels and vault maps discovered:
D:1:      ebering_trefoil_twist, layout_loops_ring
D:2:      layout_loops_cross, xom_teletrap_fun, minmay_tromino_v4_b, uniq_robin
D:3:      layout_loops_ring, old_standard_altar, uniq_grinder
D:4:      layout_cave_pools, nicolae_dithmenos_the_darkroom, amethyst_killhole
D:5:      layout_gridville, zin_academy, uniq_ijyb
D:6:      layout_basic, kiku_gazebo_garden_becter, corexii_hall_statues_l
D:7:      layout_loops_ring, old_standard_altar, nzn_wu_jian_council_hall,
          marbit_many_paths, minmay_temple_entry_mist, minmay_misc_feat_alley,
          kennysheep_doodads, st_stairs_4, uniq_joseph
D:8:      layout_basic, fiery_altar_vehumet, gammafunk_ghost_arena
D:9:      layout_gridville, david_orc_2, worms_lemuel, uniq_pikel
D:10:     layout_basic, uniq_fannar, uniq_urug, uniq_erolcha, uniq_snorg
D:11:     layout_basic, dpeg_oklobed_lair, gammafunk_ghost_berserking_beasts,
          serial_shops, shop, uniq_nergalle, uniq_maurice
D:12:     layout_rooms, chequers_serial_rivers_micro_a,
          david_defended_altar_orc, uniq_sonja, uniq_frances, uniq_nessos
Temple:   dshaligram_water_room_temple

Skill      XL: |  1  2  3  4  5  6  7  8  9 10 11 |
---------------+----------------------------------+-----
Fighting       | 4 5 6 7 8 9 10 | 10.6
Axes           | 3 4 6 7 8 10 12 13 15 | 15.5
Armour         | 4 5 7 8 9 |  9.0
Dodging        | 1 3 |  3.0
Shields        | 4 6 7 9 |  9.0
Invocations    | 2 4 5 |  5.0

Action                   |  1- 3 |  4- 6 |  7- 9 | 10-12 || total
-------------------------+-------+-------+-------+-------++-------
Melee: War axe           |    54 |   140 |   124 |       ||   318
       Headbutt          |     4 |    19 |    45 |    43 ||   111
       Broad axe         |       |       |   166 |   282 ||   448
  Use: Scroll            |     4 |     4 |    15 |     4 ||    27
       Potion            |       |     1 |     2 |     2 ||     5
 Stab: Invisible         |       |       |     1 |       ||     1
       Distracted        |       |       |       |     1 ||     1
Armor: Scale mail        |    21 |    46 |       |       ||    67
       Chain mail        |       |     3 |   125 |       ||   128
       Plate armour      |       |       |    10 |   109 ||   119
       Skin              |       |       |       |     4 ||     4
Dodge: Dodged            |    19 |    47 |    70 |    74 ||   210
Block: Kite shield       |    32 |    81 |   141 |   163 ||   417
